Map: Traitor's Exile

Players

Metasapien

  • Race: Zerg Zerg
  • League: Platinum
  • Spawn Location: 12:00

Kswiss

  • Race: Protoss Protoss
  • Spawn Location: 9:00

Piranha - Winner!

  • Race: Protoss Protoss
  • League: Platinum
  • Spawn Location: 5:00

Chillionare - Winner!

  • Race: Protoss Protoss
  • League: Platinum
  • Spawn Location: 6:00

VOD

Have the link to the VOD?

Description

Time

  • Played on: Sept. 18, 2017, 11:45 p.m.
  • Length: 18:02
Show
View Real Time Build Order
Export as new Build Order

Metasapien Zerg 

Build Orders: Pool First 

Get SALT Encoding   

  12  0:19  Spawning Pool  
  11  0:24  Drone  
  11  0:28  Drone  
  13  0:34  Extractor  
  12  0:36  Drone  
  13  0:47  Overlord  
  13  0:54  Drone  
  14  1:06  Drone  
  15  1:11  Drone  
  16  1:20  Drone  
  17  1:39  Hatchery  
  16  1:46  Zergling x4  
  18  1:54  Metabolic Boost  
  18  1:57  Drone  
  19  2:05  Drone  
  20  2:37  Drone x2  
  20  2:43  Hatchery  
  21  2:48  Drone  
  22  2:52  Baneling Nest  
  22  2:57  Extractor  
  20  3:01  Queen  
  20  3:05  Drone  
  23  3:19  Queen  
  25  3:21  Drone  
  26  3:28  Drone x2  
  26  3:33  Overlord  
  28  3:38  Extractor  
  27  3:54  Lair  
  27  4:00  Drone x3  
  27  4:01  Drone  
  31  4:03  Drone  
  31  4:07  Drone  
  33  4:13  Spore Crawler  
  32  4:21  Zergling x4  
  34  4:26  Zergling x2  
  35  4:35  Queen  
  37  4:45  Drone x4  
  42  4:52  Drone  
  42  4:55  Overlord  
  42  4:58  Extractor  
  41  5:08  Hydralisk Den  
  41  5:09  Zergling x4  
  42  5:22  Overlord, Drone x2  
  42  5:23  Overlord  
  42  5:25  Drone x2  
  46  5:32  Drone x3  
  49  5:36  Spore Crawler  
  48  5:48  Hydralisk x2  
  53  5:50  Zergling x4  
  54  5:58  Drone  
  54  5:59  Overlord, Drone x2  
  54  6:03  Drone x3  
  60  6:10  Baneling x3  
  60  6:11  Baneling x4  
  60  6:15  Hydralisk  
  60  6:17  Hydralisk  
  64  6:23  Hydralisk  
  66  6:32  Roach Warren  
  65  6:36  Hydralisk x3  
  71  6:44  Overlord x2  
  64  7:01  Zergling x2  
  64  7:02  Zergling x6  
  64  7:03  Zergling x2, Hydralisk x3  
  71  7:18  Pneumatized Carapace  
  71  7:21  Hydralisk, Roach x4  
  81  7:26  Overlord  
  81  7:27  Overlord  
  81  7:37  Overlord  
  81  7:38  Overlord  
  81  7:49  Zergling x2  
  81  7:50  Zergling x14  
  84  7:56  Muscular Augments  
  62  8:18  Hydralisk x6  
  62  8:19  Hydralisk  
  72  8:38  Hydralisk x3  
  72  8:39  Hydralisk x3  
  73  8:58  Drone  
  73  9:00  Drone x2  
  73  9:01  Drone x2  
  73  9:02  Drone  
  79  9:03  Glial Reconstitution  
  79  9:09  Evolution Chamber  
  77  9:14  Evolution Chamber  
  77  9:15  Drone x2  
  72  9:18  Extractor  
  72  9:19  Extractor  
  72  9:21  Drone x3  
  67  9:26  Roach x2  
  69  9:32  Drone x2  
  69  9:33  Drone x2  
  69  9:34  Drone, Hydralisk x3  
  80  9:41  Overseer  
  80  9:43  Overseer  
  80  9:45  Zerg Missile Weapons Level 1  
  80  9:46  Zerg Ground Armor Level 1  
  80  9:53  Drone  
  80  9:54  Hydralisk x3  
  80  9:57  Zergling x4  
  89  10:02  Drone x2  
  89  10:03  Drone  
  92  10:08  Drone x4  
  92  10:13  Overlord x2  
  96  10:17  Ravager x2  
  96  10:19  Roach x2  
  102  10:34  Overseer  
  102  10:42  Hydralisk x2  
  108  10:43  Nydus Network, Roach x3  
  108  10:44  Zergling x2  
  108  10:47  Hatchery  
  85  11:23  Hydralisk x3  
  85  11:24  Hydralisk x8  
  85  11:25  Hydralisk  
  100  11:29  Zergling x2  
  100  11:30  Zergling x12  
  107  11:37  Hydralisk x2  
  107  11:38  Hydralisk  
  105  11:47  Spore Crawler x2  
  103  11:57  Spore Crawler  
  103  11:58  Spine Crawler  
  101  12:02  Hydralisk x6  
  113  12:11  Queen  
  99  12:41  Queen x3  
  99  12:46  Queen  
  99  12:49  Hydralisk x3  
  99  12:50  Roach, Hydralisk x3  
  99  12:51  Roach x3  
  87  13:08  Hydralisk x4  
  75  13:33  Roach x4, Hydralisk  
  75  13:34  Roach x2  
  85  13:37  Spine Crawler  
  72  13:50  Drone x2  
  74  13:55  Hydralisk x2  
  74  13:56  Hydralisk  
  74  14:05  Roach x2  
  74  14:06  Roach x2  
  74  14:09  Hydralisk  
  80  14:12  Zergling x2  
  51  14:31  Zergling x2  
  51  14:32  Zergling x12  
  45  14:53  Roach x2  
  45  14:54  Roach  
  45  15:12  Queen  
  45  15:14  Roach, Hydralisk  
  47  15:15  Roach  
  53  15:22  Hatchery  
  52  15:58  Zergling x2  
  52  15:59  Zergling x14  
  52  16:17  Hydralisk x2  
  52  16:18  Hydralisk  
  54  16:27  Ravager  
  54  16:28  Ravager x2  
  57  16:36  Drone  
  57  16:37  Queen  
  60  16:53  Drone  
  47  17:12  Zergling x4  
  47  17:13  Zergling x10  
Show
View Real Time Build Order
Export as new Build Order

Kswiss Protoss 

Build Orders: Oracle Opening 

Get SALT Encoding   

  12  0:02  Probe (Chrono Boost)  
  14  0:14  Probe (Chrono Boost)  
  14  0:23  Pylon  
  14  0:27  Probe (Chrono Boost)  
  15  0:41  Probe (Chrono Boost)  
  16  0:47  Gateway  
  16  0:52  Probe (Chrono Boost)  
  17  1:00  Forge  
  17  1:04  Probe (Chrono Boost)  
  17  1:05  Assimilator  
  18  1:17  Probe (Chrono Boost)  
  19  1:24  Pylon  
  19  1:27  Probe (Chrono Boost)  
  20  1:38  Probe (Chrono Boost)  
  21  1:41  Cybernetics Core  
  21  1:51  Photon Cannon  
  21  2:14  Photon Cannon  
  21  2:19  Photon Cannon  
  20  2:23  Assimilator  
  20  2:24  Probe (Chrono Boost)  
  21  2:33  Stargate  
  21  2:34  Probe (Chrono Boost)  
  22  2:41  Photon Cannon  
  22  2:53  Probe (Chrono Boost)  
  23  3:16  Oracle (Chrono Boost)  
  26  3:20  Nexus  
  26  3:28  Pylon  
  30  3:48  Void Ray (Chrono Boost)  
  30  4:02  Assimilator  
  30  4:07  Assimilator  
  29  4:30  Probe  
  29  4:35  Void Ray (Chrono Boost)  
  34  4:40  Probe  
  34  4:42  Stargate  
  35  4:47  Pylon  
  35  4:51  Probe  
  35  4:53  Pylon  
  36  5:01  Probe  
  37  5:12  Probe  
  38  5:29  Void Ray (Chrono Boost)  
  46  5:37  Probe  
  46  5:41  Void Ray (Chrono Boost)  
  47  5:47  Probe  
  48  5:57  Stargate  
  48  5:58  Probe  
  46  6:08  Probe  
  43  6:19  Probe  
  40  6:28  Void Ray (Chrono Boost)  
  48  6:33  Void Ray (Chrono Boost)  
  38  6:52  Probe  
  42  7:01  Void Ray (Chrono Boost)  
  42  7:03  Probe  
  42  7:06  Protoss Air Weapons Level 1 (Chrono Boost)  
  43  7:13  Probe  
  44  7:24  Probe  
  45  7:34  Probe  
  38  7:45  Probe  
  35  7:55  Probe  
  35  7:58  Void Ray x2  
  40  8:07  Void Ray  
  40  8:10  Probe  
  45  8:20  Probe, Photon Cannon  
  45  8:22  Photon Cannon  
  46  8:31  Probe  
  47  8:41  Probe  
  48  8:52  Probe  
  45  9:00  Void Ray x2  
  45  9:02  Probe  
  54  9:13  Probe  
  55  9:23  Probe  
  47  9:31  Void Ray  
  44  9:33  Mothership Core  
  50  9:44  Protoss Air Armor Level 1 (Chrono Boost)  
  50  9:52  Probe  
  50  9:53  Protoss Shields Level 1 (Chrono Boost)  
  51  10:03  Probe  
  52  10:09  Fleet Beacon  
  52  10:32  Void Ray x2  
  50  11:31  Protoss Air Weapons Level 2  
  50  11:32  Phoenix x3  
  52  11:46  Mothership Core  
  54  11:57  Phoenix  
  56  12:02  Pylon x2  
  56  12:04  Pylon  
  56  12:10  Twilight Council  
  62  12:17  Nexus  
  62  12:26  Phoenix  
  62  12:28  Phoenix  
  50  12:56  Phoenix x2  
  50  12:58  Phoenix  
  56  13:21  Phoenix x2  
  56  13:24  Assimilator  
  60  13:32  Phoenix  
  62  13:59  Anion Pulse-Crystals  
  62  14:01  Phoenix x2  
  66  14:15  Phoenix  
  56  14:55  Void Ray  
  56  14:56  Void Ray  
  56  14:58  Protoss Air Weapons Level 3  
  60  15:00  Probe  
  60  15:05  Assimilator  
  61  15:10  Probe  
  62  15:21  Probe  
  63  15:31  Probe  
  64  15:38  Pylon  
  64  15:39  Pylon  
  58  15:53  Void Ray x2  
  57  16:30  Nexus  
  51  16:49  Assimilator  
  51  16:54  Assimilator, Phoenix x3  
  49  17:20  Phoenix  
Show
View Real Time Build Order
Export as new Build Order

Piranha Protoss - Winner!

Build Orders: 1 Gate Expand, Oracle Opening 

Get SALT Encoding   

  12  0:03  Probe (Chrono Boost)  
  14  0:14  Probe (Chrono Boost)  
  14  0:19  Pylon  
  14  0:25  Probe (Chrono Boost)  
  15  0:38  Gateway  
  15  0:42  Probe (Chrono Boost)  
  16  0:53  Probe (Chrono Boost)  
  17  1:03  Probe (Chrono Boost)  
  18  1:22  Nexus  
  18  1:23  Probe (Chrono Boost)  
  19  1:34  Cybernetics Core  
  19  1:38  Assimilator  
  19  1:44  Assimilator  
  19  1:53  Zealot (Chrono Boost)  
  21  1:58  Pylon  
  21  2:04  Probe  
  22  2:16  Probe  
  22  2:18  Warp Gate  
  22  2:22  Adept (Chrono Boost)  
  25  2:28  Probe (Chrono Boost)  
  26  2:35  Probe (Chrono Boost)  
  27  2:40  Probe (Chrono Boost)  
  28  2:48  Probe (Chrono Boost)  
  28  2:49  Assimilator  
  29  2:52  Probe (Chrono Boost)  
  30  2:59  Probe (Chrono Boost)  
  30  3:00  Stargate  
  30  3:03  Probe (Chrono Boost)  
  32  3:16  Probe (Chrono Boost)  
  33  3:24  Mothership Core (Chrono Boost)  
  35  3:32  Assimilator  
  35  3:35  Probe (Chrono Boost)  
  35  3:36  Pylon  
  36  3:47  Oracle (Chrono Boost)  
  39  3:58  Probe, Gateway  
  39  4:00  Gateway  
  39  4:02  Probe  
  41  4:13  Protoss Air Weapons Level 1  
  31  4:37  Probe x2  
  33  4:48  Probe  
  34  4:58  Fleet Beacon  
  34  5:03  Pylon  
  31  5:20  Void Ray (Chrono Boost)  
  35  5:28  Probe  
  36  5:29  Probe  
  37  5:44  Probe  
  37  5:47  Probe  
  39  5:53  Stalker x2  
  39  5:56  Sentry  
  45  6:09  Void Ray (Chrono Boost)  
  37  7:00  Stalker x3  
  41  7:06  Stargate  
  41  7:07  Stargate  
  47  7:32  Cybernetics Core  
  47  7:37  Stalker x3  
  53  8:04  Stalker x3  
  55  8:13  Probe x2  
  57  8:24  Probe  
  57  8:25  Probe  
  59  8:31  Sentry  
  61  8:34  Probe  
  61  8:40  Pylon  
  62  8:42  Pylon  
  62  8:56  Probe  
  62  8:58  Probe  
  64  9:07  Probe  
  65  9:13  Probe, Nexus  
  66  9:17  Probe  
  59  9:27  Mothership Core  
  61  9:33  Graviton Catapult  
  61  9:37  Probe  
  68  9:41  Carrier (Chrono Boost)  
  68  9:46  Probe  
  68  9:49  Probe  
  76  9:57  Probe  
  77  10:01  Probe  
  78  10:19  Pylon  
  78  10:22  Pylon  
  78  10:23  Probe  
  78  10:26  Carrier (Chrono Boost)  
  85  10:28  Probe  
  85  10:29  Probe  
  85  10:34  Probe  
  87  10:36  Protoss Air Weapons Level 2 (Chrono Boost)  
  88  10:44  Probe  
  88  10:49  Carrier  
  87  11:40  Carrier  
  87  11:45  Probe, Stargate  
  94  11:48  Probe x2  
  94  11:53  Assimilator  
  96  11:56  Carrier, Probe  
  96  11:58  Probe, Assimilator  
  96  12:00  Probe  
  105  12:05  Stalker  
  105  12:06  Stalker  
  109  12:16  Pylon  
  109  12:18  Pylon  
  109  12:20  Pylon  
  109  12:34  Carrier  
  95  13:11  Stalker x3  
  101  13:13  Carrier  
  101  13:14  Probe  
  101  13:15  Mothership Core  
  101  13:19  Carrier  
  116  14:10  Carrier x2  
  128  14:22  Probe  
  119  14:33  Probe  
  120  14:43  Probe  
  109  14:51  Stalker  
  109  14:52  Stalker x2  
  115  14:56  Forge  
  115  15:01  Nexus  
  115  15:03  Pylon  
  115  15:05  Pylon  
  115  15:07  Carrier  
  121  15:19  Assimilator  
  121  15:31  Protoss Air Weapons Level 3 (Chrono Boost)  
  121  15:57  Assimilator  
  121  16:15  Stalker x3  
  124  16:23  Carrier  
  124  16:24  Probe  
  129  16:27  Gateway  
  129  16:28  Probe  
  129  16:29  Gateway  
  131  16:35  Probe  
  131  16:39  Probe  
  141  16:49  Probe  
  141  16:52  Probe  
  141  17:00  Probe  
  141  17:03  Probe  
  155  17:54  Stalker  
  155  17:55  Stalker x2  
  155  17:56  Gateway  
  155  17:57  Gateway  
  161  18:01  Pylon  
  161  18:02  Pylon  
Show
View Real Time Build Order
Export as new Build Order

Chillionare Protoss - Winner!

Build Orders:  

Get SALT Encoding   

  12  0:01  Probe (Chrono Boost)  
  13  0:12  Probe (Chrono Boost)  
  14  0:25  Probe (Chrono Boost)  
  14  0:27  Pylon  
  15  0:45  Probe (Chrono Boost)  
  15  0:48  Gateway  
  16  0:53  Assimilator  
  16  1:00  Gateway  
  16  1:03  Probe (Chrono Boost)  
  17  1:13  Probe (Chrono Boost)  
  18  1:24  Probe (Chrono Boost)  
  19  1:31  Assimilator  
  19  1:34  Probe (Chrono Boost)  
  19  1:35  Zealot (Chrono Boost)  
  22  1:45  Cybernetics Core  
  22  1:50  Pylon  
  22  2:01  Probe  
  25  2:10  Zealot (Chrono Boost)  
  25  2:13  Probe, Zealot (Chrono Boost)  
  28  2:21  Warp Gate (Chrono Boost)  
  28  2:29  Twilight Council  
  28  2:31  Pylon  
  28  2:41  Stalker  
  30  2:51  Stalker  
  32  3:04  Pylon  
  32  3:05  Charge (Chrono Boost)  
  32  3:18  Stalker  
  34  3:25  Gateway  
  34  3:37  Gateway  
  34  4:36  Zealot x3  
  40  4:42  Nexus  
  40  4:49  Pylon  
  40  4:50  Stalker  
  42  5:00  Robotics Facility  
  42  5:02  Probe  
  43  5:23  Stalker x3  
  49  5:49  Observer  
  50  5:53  Probe  
  50  5:56  Stalker x2  
  55  5:57  Stalker  
  55  5:59  Stalker  
  49  6:22  Probe  
  50  6:32  Probe  
  51  6:42  Stalker x3  
  51  6:43  Probe, Stalker  
  60  6:53  Probe  
  57  7:04  Probe  
  50  7:15  Zealot x2  
  52  7:16  Probe, Zealot x2  
  59  7:26  Probe  
  60  7:37  Probe  
  56  7:39  Stalker x3  
  43  7:59  Zealot  
  43  8:01  Probe  
  42  8:16  Zealot x3  
  42  8:19  Assimilator  
  42  8:27  Zealot  
  38  8:37  Zealot  
  38  8:38  Zealot x2  
  32  8:59  Probe  
  32  9:06  Zealot x3  
  32  9:07  Zealot  
  32  9:09  Probe  
  41  9:20  Probe  
  42  9:28  Stalker x2  
  42  9:29  Stalker x2  
  42  9:30  Probe  
  51  9:41  Probe  
  52  9:51  Probe  
  53  10:01  Zealot x3  
  53  10:02  Probe  
  53  10:05  Zealot  
  62  10:12  Probe  
  62  10:17  Pylon  
  63  10:41  Nexus  
  63  10:49  Dark Shrine  
  38  11:20  Zealot x4  
  42  11:27  Gateway  
  42  11:32  Gateway  
  38  11:34  Probe  
  39  11:45  Probe  
  39  11:46  Zealot x4  
  48  11:55  Probe x2  
  50  12:06  Probe x2  
  50  12:07  Dark Templar x4  
  60  12:16  Probe x2  
  60  12:19  Archon x2  
  62  12:27  Probe  
  61  12:38  Probe  
  61  12:42  Dark Templar x4  
  70  12:46  Archon  
  70  12:47  Archon  
  70  12:48  Zealot  
  70  12:49  Zealot  
  60  13:23  Probe  
  60  13:26  Probe  
  61  13:30  Dark Templar x6  
  61  13:33  Probe  
  68  13:37  Probe, Archon  
  68  13:38  Archon x2  
  70  13:44  Probe  
  70  13:47  Probe  
  67  13:54  Probe  
  66  14:02  Probe  
  67  14:04  Assimilator  
  67  14:05  Probe  
  69  14:11  Assimilator  
  69  14:13  Probe  
  69  14:15  Assimilator  
  69  14:16  Probe  
  69  14:17  Zealot x6  
  72  14:23  Probe  
  84  14:45  Dark Templar x3  
  84  14:46  Dark Templar  
  84  14:51  Pylon  
  92  14:53  Pylon  
  92  15:08  Archon x2  
  92  15:39  Nexus  
  92  15:42  Zealot x3  
  98  15:43  Zealot x3  
  98  15:48  Gateway  
  104  15:50  Gateway  
  104  15:59  Assimilator  
  104  16:01  Pylon  
  104  16:04  Assimilator  
  102  16:05  Pylon  
  92  16:17  Dark Templar x4  
  92  16:18  Dark Templar x2  
  104  16:26  Archon  
  104  16:27  Archon x2  
  104  16:55  Probe  
  105  17:06  Probe  
  98  17:17  Probe  
  99  17:25  Forge, Dark Templar x3  
  99  17:26  Forge, Dark Templar x5  
  99  17:27  Probe  
  99  17:28  Forge  
  114  17:38  Probe  
  114  17:39  Archon  
  114  17:40  Archon x3  
  115  17:48  Probe  
Tags
 
Add a new tag
Caveats
  • Supply blocks, unpowered buildings, or Contaminate may cause inaccurate times.
  • Supply counts are checked every 10 seconds.